 Dungeon Crawl Stone Soup version 0.27-a0-1456-gf5a1169 (webtiles) character file.

Game seed: 7688122995294436604

123 Meow the Skirmisher (level 5, 35/47 HPs)
             Began as a Ghoul Fighter on July 5, 2021.
             Quit the game on level 2 of the Dungeon.
             The game lasted 00:05:36 (1352 turns).

Meow the Skirmisher (Ghoul Fighter)                 Turns: 1352, Time: 00:05:37

Health: 35/47      AC:  7    Str: 20    XL:     5   Next: 7%
Magic:  4/4        EV:  8    Int:  4    God:
Gold:   110        SH:  8    Dex:  8    Spells: 4/4 levels left

rFire    . . .     SeeInvis .   a - +0 war axe
rCold    + . .     Faith    .   c - +0 kite shield
rNeg     + + +     Spirit   .   g - +3 leather armour
rPois    ∞         Reflect  .   (no helmet)
rElec    .         Harm     .   (no cloak)
rCorr    .         Rampage  .   i - +0 pair of gloves
Will     .....                  (no boots)
Stlth    +.........             (no amulet)
HPRegen  0.15/turn              (no ring)
MPRegen  0.09/turn              (no ring)

@: no status effects
A: claws 1, cold resistance 1, negative energy resistance 3, inhibited
regeneration, torment resistance 2
a: no special abilities


You were on level 2 of the Dungeon.
You visited 1 branch of the dungeon, and saw 3 of its levels.

You collected 110 gold pieces.

Inventory:

Hand Weapons
 a - a +0 war axe (weapon)
Missiles
 e - 106 stones (quivered)
Armour
 c - a +0 kite shield (worn)
 g - a +3 leather armour (worn)
 i - a +0 pair of gloves (worn)
Jewellery
 p - a ring of ice
Wands
 r - a wand of iceblast (7)
Scrolls
 b - a scroll of enchant armour {unknown}
 f - a scroll of holy word {unknown}
 h - a scroll of noise {unknown}
 k - a scroll of enchant weapon {unknown}
 l - a scroll of summoning {unknown}
 o - a scroll of blinking {unknown}
 q - a scroll of identify {unknown}
Potions
 d - 2 potions of might
 j - a potion of lignification {unknown}
 m - a potion of mutation {unknown}
 n - a potion of berserk rage {unknown}


   Skills:
 + Level 4.9 Fighting
 + Level 3.4 Axes
 - Level 2.6 Armour
 - Level 2.6 Shields


You had 4 spell levels left.
You didn't know any spells.
Your spell library contained the following spells:

 Spells                   Type           Power      Damage    Failure   Level
 Animate Skeleton         Necr           0%         N/A       97%         1
 Pain                     Necr           0%         1d4       97%         1
 Vampiric Draining        Necr           0%         2d6       100%        3


Dungeon Overview and Level Annotations

Branches:
Dungeon (3/15)

Altars:

Shops:
D:2 :


Innate Abilities, Weirdness & Mutations

You thrive by killing the living.
You are immune to poison.
You have sharp fingernails.
Your flesh is cold resistant. (rC+)
You are immune to negative energy. (rN+++)
You do not regenerate when monsters are visible.
You are immune to unholy pain and torment.


Message History

Ijyb is heavily wounded.
You block Ijyb's attack. Ijyb hits you but does no damage.
You hit Ijyb.
Ijyb is severely wounded.
Ijyb screams, "Me stronger than you!" Ijyb hits you with a +0 dagger.
You closely miss Ijyb.
Ijyb is severely wounded.
Ijyb hits you but does no damage. You block Ijyb's attack.
You closely miss Ijyb.
Ijyb is severely wounded.
You block Ijyb's attack.
You barely miss Ijyb.
Ijyb is severely wounded.
Ijyb screams, "Me stronger than you!" Ijyb hits you with a +0 dagger.
Ijyb screams, "Level is mine!
All mine!"
Ijyb hits you but does no damage. You block Ijyb's attack.
You climb upwards.
There is a stone staircase leading down here.
You hit Ijyb.
Ijyb is almost dead.
You block Ijyb's attack.
You hit Ijyb.
Ijyb is almost dead.
You block Ijyb's attack. Ijyb hits you with a +0 dagger.
* * * LOW HITPOINT WARNING * * *
You hit Ijyb.
You kill Ijyb!
You feel better.
You have reached level 5!
You feel stronger.
r - a wand of iceblast (7)
Things that are here:
a +0 dagger; a +0 leather armour
Okay, then.
You start resting.
Okay, then.
Are you sure you want to abandon this character and quit the game? (Confirm with "yes".)

#................##.....#
#................###.....
#................####..#.
#......<...............##
##..............######.##
###.....##.....## #.##
#.....####..#### #...
##.#.######..####### #...
#..#.###.@...#.....## #...
#....##...>...÷.....####..
######...............# #..
#...............# #..
#...............# #..
#...............# #..
#...............# #..
##.............## ###
##.....#.....##


There were no monsters in sight!

Vanquished Creatures
  A hound (D:2)
  Ijyb (D:2)
  2 adders
  A worm (D:3)
  A dart slug (D:1)
  9 ball pythons
  4 endoplasms
  3 goblins
  3 hobgoblins
  7 jackals
  4 bats
  3 frilled lizards
  2 kobolds
  4 rats
45 creatures vanquished.

Notes
Turn   | Place    | Note
-------+----------+-------------------------------------------
     0 | D:1      | Meow the Ghoul Fighter began the quest for the Orb.
     0 | D:1      | Reached XP level 1. HP: 19/19 MP: 0/0
   113 | D:1      | Reached XP level 2. HP: 26/26 MP: 1/1
   221 | D:1      | Found a faded altar of an unknown god.
   433 | D:1      | Reached XP level 3. HP: 33/33 MP: 2/2
   531 | D:2      | Reached skill level 4 in Fighting
   548 | D:2      | Reached XP level 4. HP: 41/41 MP: 3/3
   687 | D:2      | Found Dagrujas's Book Boutique.
  1174 | D:3      | Noticed Ijyb
  1223 | D:2      | Killed Ijyb
  1224 | D:2      | Reached XP level 5. HP: 15/47 MP: 4/4
  1352 | D:2      | Quit the game

Illustrated notes

Levels and vault maps discovered:
D:1:      dpeg_arrival_snail, layout_rooms, ebering_ecumenical_altar_petrified,
          grunt_decor_resistance
D:2:      layout_rooms, serial_shops, nicolae_shop_behind_doors
D:3:      layout_basic, st_stairs_8, kennysheep_generic_room_4, uniq_ijyb

Skill      XL: |  1  2  3  4 |
---------------+-------------+-----
Axes           | 2 3 |  3.4
Fighting       | 4 |  4.9
Armour         | |  2.6
Shields        | |  2.6

Action                   |  1- 3 |  4- 6 || total
-------------------------+-------+-------++-------
Melee: War axe           |    60 |    79 ||   139
Armor: Leather armour    |    34 |    38 ||    72
Dodge: Dodged            |    30 |    22 ||    52
Block: Kite shield       |    28 |    33 ||    61

Table legend: (Time is in decaauts)
 A = Elapsed time spent in this place.
 B = Non-inter-level travel time spent in this place.
 C = Inter-level travel time spent in this place.
 D = Time resting spent in this place.
 E = Time spent auto-exploring this place.
 F = Levels seen in this place.
 G = Mean time per level.
                   A        B        C        D        E       F      G
               +--------+--------+--------+--------+--------+-----+--------+
         Total |   1436 |   1402 |     34 |    288 |    678 |   3 |  478.7 |
       Dungeon |   1436 |   1402 |     34 |    288 |    678 |   3 |  478.7 |
               +--------+--------+--------+--------+--------+-----+--------+

Top non-repeatable levels by time:
     D:2: 618 daAuts
     D:1: 552 daAuts
     D:3: 266 daAuts
